 Dungeon Crawl Stone Soup version 0.29-a0-319-gad05b8d819 (webtiles) character file.

Game seed: 3178950644281436391

13 iamserjio the Insei (level 2, 24/25 HPs)
             Began as a Mayflytaur Transmuter on Apr 1, 2022.
             Quit the game on level 4 of the Dungeon.
             The game lasted 00:01:11 (231 turns).

iamserjio the Insei (Mayflytaur Transmuter)          Turns: 231, Time: 00:01:12

Health: 24/25      AC:  2    Str: 11    XL:     2   Next: 37%
Magic:  6/6        EV: 12    Int: 14    God:
Gold:   42         SH:  0    Dex: 14    Spells: 5/6 levels left

rFire   . . .      SeeInvis .   c - +0 spear
rCold   . . .      Faith    .   (no shield)
rNeg    . . .      Spirit   .   a - +0 robe
rPois   .          Reflect  .   (no helmet)
rElec   .          Harm     .   (no cloak)
rCorr   .          Rampage  .   (no gloves)
Will    .....                   (no boots)
Stlth   +.........              (no amulet)
HPRegen 0.08/turn               (no ring)
MPRegen 0.10/turn               (no ring)

@: flying
A: damage resistance, big wings, sense surroundings 1, short lifespan
a: no special abilities


You were on level 4 of the Dungeon.
You visited 1 branch of the dungeon, and saw 5 of its levels.

You collected 42 gold pieces.

Inventory:

Hand Weapons
 c - a +0 spear (weapon)
Armour
 a - a +0 robe (worn)
Scrolls
 d - a scroll of summoning {unknown}
 e - a scroll of amnesia {unknown}
Potions
 b - a potion of lignification


   Skills:
 - Level 1.1 Fighting
 - Level 2.1 Dodging
 - Level 4.0 Unarmed Combat
 - Level 2.6 Spellcasting
 + Level 2.8 Transmutations
 + Level 1.4 Ice Magic


You had 5 spell levels left.
You knew the following spells:

 Your Spells              Type           Power      Damage    Failure   Level
a - Beastly Appendage     Tmut           18%        N/A       7%          1

Your spell library contained the following spells:

 Spells                   Type           Power      Damage    Failure   Level
 Wereblood                Tmut           9%         N/A       11%         2
 Spider Form              Tmut/Pois      5%         N/A       36%         3
 Ice Form                 Ice/Tmut       7%         N/A       67%         4


Dungeon Overview and Level Annotations

Branches:
Dungeon (5/15)
 Temple: D:4-7

Altars:


Innate Abilities, Weirdness & Mutations

You are resistant to damage.
Your large and strong wings let you fly.
You passively map a small area around you.
You are easily found by Zot.


Message History

You kill the hobgoblin!
Found a gold piece.
There is a stone staircase leading down here.
You fly downwards.
Found 11 gold pieces.
Found a stone staircase leading down.
There is a stone staircase leading up here.
Your transformation is almost over.
There is a stone staircase leading down here.
You now have 42 gold pieces (gained 11).
There is a stone staircase leading down here.
You fly downwards.
The orc shouts!
The orc wizard shouts! x2
There is a stone staircase leading up here.
Casting: Beastly Appendage (safe; 8% risk of failure)
You extend your transformation's duration.
The orc wizard gestures wildly while chanting.
The orc wizard flickers and vanishes!
Deactivating autopickup; reactivate with Ctrl-A.
The orc closely misses you.
You fly upwards.
Reactivating autopickup.
There is a stone staircase leading down here.
You hit the orc. Your headbutt misses the orc.
The orc hits you but does no damage.
You barely miss the orc.
Your transformation is almost over.
The orc hits you with a +0 war axe.
You barely miss the orc. You claw the orc, but do no damage. You punch the orc.
You kill the orc!
Your horns disappear.
Your talons disappear.
A giant cockroach comes into view.
The giant cockroach moves out of view.
A hobgoblin and a kobold come into view.
Found a stone staircase leading up.
A phantom comes into view.
The kobold shouts!
The giant cockroach bites you but does no damage.
The giant cockroach bites you but does no damage.
Okay, then.
Unknown command.

* ** ##### #* ##...##
#.####.###.### * *
,#....## ##.@# * ,
....##.## ##W########
* # ##.# #Bg....... *
#..## *#....#.### *
#####.#.# #.<...# *
*,
#....<.#.#*#......#
#.###>.##...##...##,*
#.)#*### ##.## , *
#..# #.# ,


You could see a phantom, a giant cockroach and a hobgoblin.

Vanquished Creatures
  An orc (D:4)
  2 bats (D:1)
  A goblin (D:1)
  4 hobgoblins
  A kobold (D:1)
  A ball python (D:1)
10 creatures vanquished.

Vanquished Creatures (others)
  2 fungi (D:3)
2 creatures vanquished.

Grand Total: 12 creatures vanquished

Notes
Turn   | Place    | Note
-------+----------+-------------------------------------------
     0 | D:1      | iamserjio the Mayflytaur Transmuter began the quest for the
                  | Orb.
     0 | D:1      | Reached XP level 1. HP: 18/18 MP: 5/5
    75 | D:1      | Reached skill level 1 in Ice Magic
    75 | D:1      | Reached XP level 2. HP: 18/25 MP: 4/6
    98 | D:1      | Glimpsed the power of Zot.
   208 | D:5      | Entered Level 5 of the Dungeon
   227 | D:4      | Noticed a phantom
   231 | D:4      | Quit the game

Illustrated notes

Levels and vault maps discovered:
D:1:      dpeg_arrival_arbitrary_a, layout_loops_ring, minmay_crystal_room
D:2:      layout_basic, shapermc_ecumenical_altar_pompeii,
          chequers_serial_rivers_micro_e, chequers_serial_rivers_room_b,
          minmay_cupped, uniq_crazy_yiuf_cottage, uniq_sigmund
D:3:      cheibrodos_helix_gallery, layout_loops_ring, lemuel_doored_altar,
          mainiacjoe_overflow_paths, mainiacjoe_overflow_chevrons,
          nemelex_xobeh_ov_fountains_minmay, old_standard_altar,
          mainiacjoe_overflow_boulevard, cheibrodos_gnoll_hut, uniq_grinder
D:4:      layout_loops_ring, tgw_trog, minmay_temple_entry_drinking_statues,
          grunt_ministairs_14
D:5:      layout_cave_pods, tso_oasis_becter,
          mainiacjoe_overflow_six_doors_small

Skill      XL: |  1 |
---------------+----+-----
Ice Magic      | 1 |  1.4
Fighting       | |  1.1
Dodging        | |  2.1
Unarmed Combat | |  4.0
Spellcasting   | |  2.6
Transmutations | |  2.8

Action                   || total
-------------------------++-------
Melee: Spear             ||    27
       Kick              ||     5
       Headbutt          ||     2
       Punch             ||     1
 Cast: Beastly Appendage ||     5
 Stab: Sleeping          ||     1
Armor: Robe              ||     6
Dodge: Dodged            ||    13

Table legend: (Time is in decaauts)
 A = Elapsed time spent in this place.
 B = Non-inter-level travel time spent in this place.
 C = Inter-level travel time spent in this place.
 D = Time resting spent in this place.
 E = Time spent auto-exploring this place.
 F = Levels seen in this place.
 G = Mean time per level.
                   A        B        C        D        E       F      G
               +--------+--------+--------+--------+--------+-----+--------+
         Total |    232 |    232 |      0 |      0 |      0 |   5 |   46.4 |
       Dungeon |    232 |    232 |      0 |      0 |      0 |   5 |   46.4 |
               +--------+--------+--------+--------+--------+-----+--------+

Top non-repeatable levels by time:
     D:1: 114 daAuts
     D:2: 74 daAuts
     D:4: 30 daAuts
     D:3: 9 daAuts
     D:5: 2 daAuts
